 Dungeon Crawl Stone Soup version 0.19-a0-965-g50bf062 (webtiles) character file.

1149 FitzyFitz the Summoner (level 8, -4/58 HPs)
             Began as a Formicid Summoner on July 11, 2016.
             Was a Believer of Okawaru.
             Slain by a yak (7 damage)
             ... on level 11 of the Dungeon on July 12, 2016.
             The game lasted 00:28:48 (8452 turns).

FitzyFitz the Summoner (Formicid Summoner)          Turns: 8452, Time: 00:28:49

Health: -4/58      AC:  6    Str: 13    XL:     8   Next: 65%
Magic:  6/14       EV: 11    Int: 17    God:    Okawaru [**....]
Gold:   236        SH:  6    Dex: 11    Spells: 4 memorised, 5 levels left

rFire  . . .     SeeInvis +     h - +1 trident
rCold  x . .     Gourm    .     D - +0 leather armour
rNeg   + . .     Faith    .     f - +1 buckler
rPois  +         Spirit   .     (helmet unavailable)
rElec  .         Dismiss  .     O - +0 cloak
rCorr  .         Reflect  .     p - +0 pair of gloves
SustAt .         Harm     .     u - +0 pair of boots
MR     ++...                    (no amulet)
Stlth  +++.......               M - ring of poison resistance
                                F - ring of Egomania {rC- rN+ MR++ Slay+2 Stlth+}

@: very resistant to hostile enchantments, fairly stealthy
A: permanent stasis, dig shafts and tunnels, four strong arms, antennae 3
a: Dig, Shaft Self, Heroism, Renounce Religion


You were on level 11 of the Dungeon.
You worshipped Okawaru.
Okawaru was pleased with you.
You were very hungry.

You visited 2 branches of the dungeon, and saw 10 of its levels.

You collected 236 gold pieces.

Inventory:

Hand Weapons
 a - a +1 short sword of electrocution
 g - a +0 spear
 h - a +1 trident (weapon)
 q - a +0 war axe of chopping
 x - a +0 dagger of venom
 y - a +0 hunting sling
 C - a +0 war axe
 G - a +0 shortbow
 J - a +0 war axe
 K - a +0 greatsling
 L - a +0 scimitar
Missiles
 d - 41 poisoned needles
 e - 195 stones
 o - 7 javelins (quivered)
 s - 4 tomahawks
 v - 11 silver tomahawks
 H - 35 arrows
Armour
 f - a +1 buckler (worn)
 i - a +0 shield
 p - a +0 pair of gloves (worn)
 u - a +0 pair of boots (worn)
 D - a +0 leather armour (worn)
 E - a +0 large shield
 O - a +0 cloak (worn)
Jewellery
 F - the ring of Egomania (left hand) {rC- rN+ MR++ Slay+2 Stlth+}
   (You found it on level 5 of the Dungeon)

   [ring of positive energy]

   It affects your accuracy and damage with ranged weapons and melee attacks
   (+2).
   It makes you vulnerable to cold.
   It protects you from negative energy.
   It affects your resistance to hostile enchantments.
   It makes you more stealthy.
 M - a ring of poison resistance (right hand)
Wands
 m - a wand of flame (36/48)
Scrolls
 Q - a scroll of fear {unknown}
Potions
 j - 2 potions of flight
 t - 3 potions of curing
 B - a potion of lignification
Books
 b - a book of Callings

   Spells                             Type                      Level
   a - Summon Small Mammal            Summoning                    1
   b - Call Imp                       Summoning                    2
   c - Call Canine Familiar           Summoning                    3
   d - Summon Guardian Golem          Hexes/Summoning              3
   e - Summon Lightning Spire         Summoning/Air                4
   f - Summon Ice Beast               Ice/Summoning                4
Comestibles
 c - 6 bread rations
 l - a beef jerky
 A - 2 meat rations
 N - 4 chunks of flesh


   Skills:
 - Level 3.4 Fighting
 - Level 1.7 Dodging
 - Level 3.1 Stealth
 + Level 4.4 Shields
 - Level 4.3 Spellcasting
 * Level 8.0 Summonings
 + Level 1.1 Ice Magic


You had 5 spell levels left.
You knew the following spells:

 Your Spells              Type           Power        Failure   Level  Hunger
a - Summon Small Mammal   Summ           ####         1%          1    None
b - Call Canine Familiar  Summ           ####....     1%          3    ###....
c - Call Imp              Summ           ####....     1%          2    ##.....
d - Summon Ice Beast      Ice/Summ       ###.....     30%         4    ####...


Dungeon Overview and Level Annotations

Branches:
Dungeon (8/15)             Temple (1/1) D:7            Lair (0/6) D:11

Altars:
Ashenzari
Dithmenos
Elyvilon
Kikubaaqudgha
Okawaru
Sif Muna
Uskayaw
Xom
Yredelemnul
The Shining One

Annotations:
D:4 Wuag's ghost, amateur DrTm
D:6 daryashkoh's ghost, novice CeAK


Innate Abilities, Weirdness & Mutations

You are under a permanent stasis effect.
You can dig through walls and to a lower floor.
Your four strong arms can wield two-handed weapons with a shield.
You have a pair of large antennae on your head. (SInv)


Message History

You block the orc's attack. The giant frog closely misses you.
The giant frog hits you.
As you read the scroll labeled OPPA CEDEOM, it crumbles to dust.
It is a scroll of enchant armour.
Enchant which item? (? for menu, Esc to quit)
Your +0 buckler glows green for a moment.
The giant frog hits you. The giant frog hits you! The giant frog hits you.
The orc closely misses you. The giant frog hits you. The yak gores you!
* * * LOW HITPOINT WARNING * * *
A giant frog comes into view.
The giant frog croaks.
As you read the scroll labeled UTWIKIJUA, it crumbles to dust.
It is a scroll of enchant weapon.
Enchant which weapon? (? for menu, Esc to quit)
Your +0 trident glows red for a moment.
The giant frog hits you!
* * * LOW HITPOINT WARNING * * *
You block the giant frog's attack.
The giant frog hits you but does no damage.
The yak gores you!
You die...

*,,,,,,,,,#.........!...,,,,,
*,,,.......##.###.......,,,,,
*,,,.......#....#.......,,,,,
*,,,o......+....#.......,,,,,
*****,,,.>.....#Y...#.......,,,,,
**,,*,,,......##....#{......,,,,,
,,,,,,,,o.....Hoo§§.#.......,,,,,
,,,,,,,,......FYFF§.#,,,,,,,,,,,,
**,,,,,,,.....##@+###,,,,,,,,,,,,
**,,,,,,,.oo..oFo§......,,,,,,,,,
,*,,,,,,,......o..§.....,,,,,,,,,
,*,,,,,*,...............,,,,,,,,,
,+,,,,,+,...............,,,,,,,,,
,*+*****,...............,,,,,,,,,
,,,,,,,,,.##+########...,********
,,,,,,,,,,*,,,,,,,,,*...,*,,,,,,*
,,,,,,,,<,*,,,,,,,,,*,,,,*,,,,,,*


You could see a yak, a hippogriff, 4 giant frogs and 5 orcs.

Vanquished Creatures
  2 ice beasts
  2 giant frogs
  3 wights (D:7)
  A centaur zombie (D:6)
  A giant frog zombie (D:6)
  2 hounds
  An orc wizard (D:4)
  An orc priest (D:5)
  A giant frog skeleton (D:6)
  A centaur skeleton (D:7)
  3 adders
  5 gnolls
  A shadow imp (D:6)
  An adder zombie (D:5)
  2 dart slugs (D:1)
  3 giant geckos
  8 orcs
  A ball python (D:6)
  5 giant cockroaches
  3 goblins
  5 hobgoblins
  12 jackals
  3 quokkas
  10 bats
  6 giant newts
  14 kobolds
  8 rats
105 creatures vanquished.

Vanquished Creatures (collateral kills)
  A sky beast (D:6)
  A centaur (D:5)
  2 giant frogs
  A wight (D:7)
  A crimson imp (D:5)
  A jelly (D:6)
  An orc priest (D:7)
  A giant frog skeleton (D:5)
  An orc wizard (D:3)
  2 worker ants
  7 gnolls
  3 adders
  A shadow imp (D:6)
  A worm (D:3)
  2 giant geckos
  6 orcs
  A bat (D:1)
  A quokka (D:6)
34 creatures vanquished.

Grand Total: 139 creatures vanquished

Notes
Turn   | Place    | Note
-------+----------+-------------------------------------------
     0 | D:1      | FitzyFitz the Formicid Summoner began the quest for the Orb.
     0 | D:1      | Reached XP level 1. HP: 13/13 MP: 3/3
   159 | D:1      | Reached XP level 2. HP: 19/19 MP: 5/5
   333 | D:1      | You fall through a shaft!
   360 | D:2      | Found a shimmering altar of Xom.
   546 | D:1      | Reached XP level 3. HP: 17/24 MP: 6/6
   551 | D:1      | Reached skill level 1 in Shields
  1849 | D:2      | Reached XP level 4. HP: 26/30 MP: 7/7
  2049 | D:2      | Learned a level 3 spell: Call Canine Familiar
  2194 | D:3      | Reached skill level 5 in Summonings
  3177 | D:3      | Reached XP level 5. HP: 17/35 MP: 2/8
  3361 | D:3      | Found a hide-covered altar of Uskayaw.
  3868 | D:4      | Noticed Wuag's ghost (amateur DrTm)
  4404 | D:4      | Reached XP level 6. HP: 14/41 MP: 2/9
  4656 | D:4      | Reached skill level 6 in Summonings
  4889 | D:4      | Found an iron altar of Okawaru.
  4909 | D:4      | Became a worshipper of Warmaster Okawaru
  4976 | D:3      | Upgraded the game from 0.19-a0-958-gd69d43c to 0.19-a0-965-g50bf062
  5074 | D:4      | Found a white marble altar of Elyvilon.
  5298 | D:5      | Entered Level 5 of the Dungeon
  5664 | D:5      | Reached skill level 1 in Fighting
  5853 | D:5      | Reached XP level 7. HP: 47/48 MP: 8/11
  6228 | D:5      | Got a crude wooden ring
  6278 | D:5      | Found a shattered altar of Ashenzari.
  6278 | D:5      | Found a deep blue altar of Sif Muna.
  6599 | D:5      | Reached * piety under Okawaru
  6648 | D:5      | Learned a level 2 spell: Call Imp
  6663 | D:6      | Noticed daryashkoh's ghost (novice CeAK)
  6687 | D:6      | Found a basalt altar of Yredelemnul.
  6688 | D:6      | Found an ancient bone altar of Kikubaaqudgha.
  6741 | D:6      | Reached skill level 7 in Summonings
  6991 | D:6      | Reached ** piety under Okawaru
  7024 | D:6      | Found a shadowy altar of Dithmenos.
  7084 | D:6      | Reached XP level 8. HP: 44/57 MP: 8/13
  7164 | D:6      | You fall through a shaft!
  7633 | D:7      | Identified the ring of Egomania {rC- rN+ MR++ Slay+2 Stlth+} (You found it on level 5 of the Dungeon)
  7922 | D:7      | Found a staircase to the Ecumenical Temple.
  7928 | Temple   | Entered the Ecumenical Temple
  7970 | D:7      | Learned a level 4 spell: Summon Ice Beast
  8216 | D:7      | Reached *** piety under Okawaru
  8216 | D:7      | Reached skill level 1 in Ice Magic
  8374 | D:7      | Reached skill level 8 in Summonings
  8419 | D:8      | Noticed a wyvern
  8429 | D:8      | You fall through a shaft for 3 floors!
  8433 | D:11     | Found a staircase to the Lair.
  8434 | D:11     | Noticed a yak
  8452 | D:11     | Slain by a yak

Vault maps used:
D:1:      eino_arrival_druids_welcome, minmay_split_cup_small
D:2:      old_standard_altar, first_bread
D:3:      nicolae_overflow_crystal_walls
D:4:      kennysheep_little_box, okawaru_gym_becter
D:5:      gammafunk_temple_overflow_pools
D:6:      nicolae_overflow_hidden_temple, gammafunk_temple_overflow_statue,
          serial_corexii_hall, corexii_hall_statues_s, corexii_hall_statues_t,
          gup_sewer_entry_bowl
D:8:      uniq_psyche, uniq_prince_ribbit1, uniq_maurice
D:11:     dpeg_lair_monsters, hangedman_stone_soup, yredelemnul_altar_generic
Temple:   dshaligram_water_room_temple

Skill      XL: |  1  2  3  4  5  6  7  8 |
---------------+-------------------------+-----
Shields        | 2 3 4 |  4.4
Summonings     | 5 6 7 8 |  8.0
Stealth        | 3 |  3.1
Fighting       | 1 2 3 |  3.4
Spellcasting   | 3 4 |  4.3
Ice Magic      | 1 |  1.1
Dodging        | |  1.7

Action                   |  1- 3 |  4- 6 |  7- 9 || total
-------------------------+-------+-------+-------++-------
Melee: Spear             |   149 |   243 |     8 ||   400
       Unarmed           |    13 |       |       ||    13
       Trident           |       |       |   212 ||   212
Throw: Javelin           |       |    15 |       ||    15
       Stone             |       |     3 |       ||     3
 Cast: Summon Small Mamm |     5 |     6 |     9 ||    20
       Call Canine Famil |       |    18 |    24 ||    42
       Call Imp          |       |       |     7 ||     7
Invok: Heroism           |       |       |     1 ||     1
 Abil: Dig               |       |     1 |     7 ||     8
       Shaft Self        |       |       |     2 ||     2
Evoke: Wand              |       |     5 |       ||     5
  Use: Scroll            |       |     7 |     7 ||    14
       Potion            |       |       |     5 ||     5
 Stab: Sleeping          |    11 |     3 |       ||    14
       Distracted        |       |     2 |     3 ||     5
  Eat: Chunk             |     3 |    10 |     6 ||    19
       Royal jelly       |       |     2 |       ||     2
       Pizza             |       |     1 |     1 ||     2
       Meat ration       |       |       |     1 ||     1
       Fruit             |       |       |     1 ||     1
Armor: Robe              |    52 |    46 |       ||    98
       Leather armour    |       |     5 |    63 ||    68
Dodge: Dodged            |   118 |   109 |   129 ||   356
Block: Buckler           |    17 |    42 |    53 ||   112
